 Dungeon Crawl Stone Soup version 0.19.5 (webtiles) character file.

42 tidbits the Gusty (level 3, 8/18 HPs)
             Began as a High Elf Air Elementalist on Dec 10, 2017.
             Was a Follower of Hepliaklqana.
             Quit the game on level 3 of the Dungeon.
             The game lasted 00:03:42 (391 turns).

tidbits the Gusty (High Elf Air Elementalist)        Turns: 391, Time: 00:03:43

Health: 8/18       AC:  2    Str:  8    XL:     3   Next: 35%
Magic:  6/8        EV: 13    Int: 19    God:    Hepliaklqana [*.....]
Gold:   42         SH:  0    Dex: 15    Spells: 1 memorised, 7 levels left

rFire  . . .     SeeInvis .     m - +0 dagger
rCold  . . .     Gourm    .     a - +0 robe
rNeg   . . .     Faith    .     (no shield)
rPois  .         Spirit   .     (no helmet)
rElec  .         Reflect  .     (no cloak)
rCorr  .         Harm     .     (no gloves)
MR     .....                    (no boots)
Stlth  ++........               (no amulet)
                                (no ring)
                                (no ring)

@: very slightly contaminated
A: reduced essence
a: Recall Ancestor, Ancestor Identity, Renounce Religion


You were on level 3 of the Dungeon.
You worshipped Hepliaklqana.
Hepliaklqana was aware of your devotion.
You were not hungry.

You visited 1 branch of the dungeon, and saw 3 of its levels.

You collected 42 gold pieces.

Inventory:

Hand Weapons
 g - a +0 club
   (You took it off a goblin on level 3 of the Dungeon)
 m - a +0 dagger (weapon)
   (You found it on level 3 of the Dungeon)
Missiles
 e - 35 stones (quivered)
 l - 14 arrows
Armour
 a - a +0 robe (worn)
 j - a +0 ring mail
   (You found it on level 3 of the Dungeon)
Scrolls
 d - a scroll of identify {unknown}
 h - a scroll of teleportation {unknown}
 i - a scroll of blinking {unknown}
Potions
 f - a potion of cure mutation {unknown}
 k - a potion of heal wounds {unknown}
Books
 b - a book of Air

   Spells                             Type                      Level
   a - Shock                          Conjuration/Air              1
   b - Swiftness                      Charms/Air                   2
   c - Repel Missiles                 Charms/Air                   2
   d - Static Discharge               Conjuration/Air              3
   e - Lightning Bolt                 Conjuration/Air              5
Comestibles
 c - 2 bread rations


   Skills:
 - Level 2.1 Dodging
 - Level 2.1 Stealth
 + Level 3.0 Spellcasting
 + Level 2.5 Conjurations
 + Level 4.2 Air Magic


You had 7 spell levels left.
You knew the following spells:

 Your Spells              Type           Power        Failure   Level  Hunger
a - Shock                 Conj/Air       ###.         4%          1    None


Dungeon Overview and Level Annotations

Branches:
Dungeon (3/15)

Altars:
Hepliaklqana


Message History

The zap hits the adder.
The adder is almost dead.
The zap hits the adder.
You kill the adder!
Your Spellcasting skill increases to level 3!
The bat misses you.
Unknown command.
You feel sick. The bat barely misses you. The bat hits you but does no damage.
You feel sick. The bat hits you but does no damage.
The bat hits you but does no damage. The bat barely misses you.
You feel sick.
There is a stone staircase leading up here.
You miss the bat. The bat misses you. The bat hits you.
* * * LOW HITPOINT WARNING * * *
You climb upwards.
You feel sick.
There is a stone staircase leading down here.
You feel sick.
You feel sick.
You are no longer poisoned.
You found a teleport trap!
Unknown command.
Found a murky orange potion.
Found 14 arrows.
A kobold comes into view.
The kobold shouts!
The kobold moves out of view.
Found a ring mail.
A goblin comes into view.
The kobold throws a stone.
The stone closely misses you.
Casting: Shock
Confirm with . or Enter, or press ? or * to list all spells.
Aiming: Shock
Press: ? - help, Shift-Dir - straight line, f - kobold
Aim: a kobold The zap misses the kobold.
Casting: Shock
Confirm with . or Enter, or press ? or * to list all spells.
Aiming: Shock
Press: ? - help, Shift-Dir - straight line, p - kobold The zap hits the kobold.
The kobold is moderately wounded.
The zap hits the kobold.
You kill the kobold!
Found a stone staircase leading down.
k - a murky orange potion
Found a scroll labeled COGETS FATAP.
You see here 14 arrows.
l - 14 arrows A hobgoblin comes into view.
It is wielding a club.
The hobgoblin shouts!
The hobgoblin moves out of view.
There is a stone staircase leading down here.
You climb downwards.
There is a stone staircase leading up here.
Found 12 stones.
Found a faded altar of an unknown god.
Found a dagger.
A bat comes into view.
Casting: Shock
Confirm with . or Enter, or press ? or * to list all spells.
Aiming: Shock
Press: ? - help, Shift-Dir - straight line, f - bat
Aim: a bat (resting)
You miscast Shock.
You are very lightly contaminated with residual magic.
Nothing appears to happen.
Casting: Shock
Confirm with . or Enter, or press ? or * to list all spells.
Aiming: Shock
Press: ? - help, Shift-Dir - straight line, f/p - bat
Aim: a bat The zap hits the bat.
You kill the bat!
e - 35 stones (gained 12)
You see here a bat corpse.
You see here a dagger.
m - a dagger Wield which item (- for none, * to show all)? (? for menu, Esc to quit)
m - a +0 dagger (weapon)
You see here a bat corpse.
There is a faded altar of an unknown god here.
You cannot tell which god this altar belongs to.
Convert to them anyway?
Hepliaklqana accepts your prayer! Hepliaklqana welcomes you!
Hepliaklqana forms a fragment of your life essence into the memory of your ancestor, Gnaeus!
You can now recall your ancestor.
You can now remember your ancestor's identity.
Casting: Shock
Confirm with . or Enter, or press ? or * to list all spells.
You can't see any susceptible monsters within range! (Use Z to cast anyway.) Unknown command.
Casting: Shock
Confirm with . or Enter, or press ? or * to list all spells.
Aiming: Shock
Press: ? - help, Shift-Dir - straight line, f - you Really fire in your ally Gnaeus's direction?
Okay, then.
Are you sure you want to abandon this character and quit the game? (Confirm with "yes".)

#.# #.#.... #.#########
#.#.##. #.........#
#.#.... #.........# #
#.#.b..
####.........#.####.#<###
.........8................
.#..#...8†8...#.####.#.###
#.....8._R8..# #.#.# #
#..#...8@8..## #.#.###
#..##...8...# #.#....
#...........# #......
.........#### #######
+........ .... #......##
#### #...... #......


You could see the friendly Gnaeus the ancestor.

Vanquished Creatures
  3 adders (D:3)
  2 giant cockroaches
  A goblin (D:3)
  4 jackals (D:2)
  3 bats
  3 kobolds
  A rat (D:3)
17 creatures vanquished.

Notes
Turn   | Place    | Note
-------+----------+-------------------------------------------
     0 | D:1      | tidbits the High Elf Air Elementalist began the quest for the Orb.
     0 | D:1      | Reached XP level 1. HP: 11/11 MP: 4/4
   169 | D:2      | Reached XP level 2. HP: 7/17 MP: 1/6
   264 | D:3      | Reached skill level 2 in Conjurations
   264 | D:3      | Reached skill level 4 in Air Magic
   273 | D:3      | Reached XP level 3. HP: 14/21 MP: 0/8
   310 | D:3      | Reached skill level 3 in Spellcasting
   374 | D:3      | Found a faded altar of an unknown god.
   389 | D:3      | Became a worshipper of Hepliaklqana the Forgotten
   389 | D:3      | Reached * piety under Hepliaklqana
   391 | D:3      | Quit the game

Skill      XL: |  1  2  3 |
---------------+----------+-----
Conjurations   | 2 |  2.5
Air Magic      | 4 |  4.2
Spellcasting   | 3 |  3.0
Dodging        | |  2.1
Stealth        | |  2.1

Action                   || total
-------------------------++-------
Melee: Club              ||     5
 Cast: Shock             ||    24
Armor: Robe              ||    24
Dodge: Dodged            ||    55

Table legend:
 A = Turns spent in this place as a percentage of turns spent in the entire game.
 B = Non-inter-level travel turns spent in this place as a percentage of non-inter-level travel turns spent in the entire game.
 C = Inter-level travel turns spent in this place as a percentage of turns spent in this place.
 D = Turns resting spent in this place as a percentage of non-inter-level travel turns spent in this place.
 E = Turns spent auto-exploring this place as a percentage of non-inter-level travel turns spent in this place.
 F = Non-inter-level travel turns spent in this place divided by the number of levels of this place that you've seen.
                   A       B       C       D       E      F
               +-------+-------+-------+-------+-------+----------------------
         Total | 100.0 | 100.0 |   0.3 |   0.0 |   0.0 | 118.0
       Dungeon | 100.0 | 100.0 |   0.3 |   0.0 |   0.0 | 118.0
               +-------+-------+-------+-------+-------+----------------------

Table legend:
 A = Kills in this place as a percentage of kills in entire the game.
 B = Kills by you in this place as a percentage of kills by you in the entire game.
 C = Kills by friends in this place as a percentage of kills by friends in the entire game.
 D = Other kills in this place as a percentage of other kills in the entire game.
 E = Experience gained in this place as a percentage of experience gained in the entire game.
 F = Experience gained in this place divided by the number of levels of this place that you have seen.
                   A       B       C       D       E      F
               +-------+-------+-------+-------+-------+----------------------
         Total | 100.0 | 100.0 |  -nan |  -nan | 100.0 |  20.3
       Dungeon | 100.0 | 100.0 |  -nan |  -nan | 100.0 |  20.3
               +-------+-------+-------+-------+-------+----------------------

Vault maps used:
D:1:      lemuel_arrival_tunnels
D:2:      minmay_door_path, overflow_temple_1_default, serial_bayou_lagoon_a
D:3:      grunt_temple_overflow_order_and_chaos_1, kennysheep_ying_yang,
          grunt_dithmenos_smoke, first_bread, ecumenical_altar_2,
          roderic_serpentine_path, roderic_filled_cross,
          mrwooster_statue_mirror, minmay_close_crescents
